 Dungeon Crawl Stone Soup version 0.24.0-28-g17ded55e90 (webtiles) character file.

Game seed: 647165338042462240, levelgen mode: deterministic

284 Amplified the Magician (level 6, -6/47 HPs)
             Began as a Mummy Ice Elementalist on Nov 11, 2019.
             Mangled by a bullfrog skeleton (7 damage)
             ... on level 5 of the Dungeon.
             The game lasted 00:05:34 (3557 turns).

Amplified the Magician (Mummy Ice Elementalist)     Turns: 3557, Time: 00:05:35

Health: -6/47      AC:  5    Str: 13    XL:     6   Next: 7%
Magic:  13/13      EV: 12    Int: 14    God:
Gold:   152        SH:  0    Dex: 13    Spells: 12/15 levels left

rFire    x . .     SeeInvis .   n - +4 hand axe (drain)
rCold    + . .     Gourm    .   (no shield)
rNeg     + + +     Faith    .   a - +0 robe
rPois    ∞         Spirit   .   (no helmet)
rElec    .         Reflect  .   e - +1 cloak
rCorr    +         Harm     .   h - +0 pair of gloves
MR       .....                  (no boots)
Stlth    ++........             (no amulet)
HPRegen  0.15/turn              m - ring of resist corrosion
MPRegen  0.13/turn              f - ring of wizardry

@: no status effects
A: no food or potions, fire vulnerability, cold resistance 1, negative energy
resistance 3, torment resistance, unbreathing
a: no special abilities


You were on level 5 of the Dungeon.
You were not hungry.

You visited 1 branch of the dungeon, and saw 5 of its levels.

You collected 152 gold pieces.

Inventory:

Hand Weapons
 d - a +1 short sword
 g - a +0 hunting sling
 n - a +4 hand axe of draining (weapon)
Missiles
 b - 198 stones
 c - 6 sling bullets
 l - 5 poisoned darts (quivered)
Armour
 a - a +0 robe (worn)
 e - a +1 cloak (worn)
 h - a +0 pair of gloves (worn)
Jewellery
 f - a ring of wizardry (right hand)
 k - an uncursed ring of fire
 m - a ring of resist corrosion (left hand)
Wands
 j - a wand of random effects (26)
Scrolls
 i - 2 scrolls of immolation


   Skills:
 * Level 3.2 Fighting
 * Level 1.6 Axes
 * Level 1.9 Slings
 - Level 1.5 Dodging
 - Level 1.5 Stealth
 * Level 5.0 Spellcasting
 - Level 0.7 Conjurations
 - Level 2.4 Ice Magic


You had 12 spell levels left.
You knew the following spells:

 Your Spells              Type           Power        Failure   Level  Hunger
a - Freeze                Ice            ##..         2%          1    N/A
b - Throw Frost           Conj/Ice       #.....       6%          2    N/A

Your spell library contained the following spells:

 Spells                   Type           Power        Failure   Level  Hunger
 Animate Skeleton         Necr           N/A          7%          1    N/A
 Apportation              Tloc           #.....       7%          1    N/A
 Confusing Touch          Hex            #.....       7%          1    N/A
 Summon Small Mammal      Summ           #...         7%          1    N/A
 Ozocubu's Armour         Chrm/Ice       #.......     13%         3    N/A
 Throw Icicle             Conj/Ice       #.......     34%         4    N/A
 Summon Ice Beast         Ice/Summ       #.......     38%         4    N/A

Dungeon Overview and Level Annotations

Branches:
Dungeon (5/15)
 Temple: D:4-7

Altars:


Innate Abilities, Weirdness & Mutations

You do not eat or drink.
Your flesh is vulnerable to fire.
You are immune to poison.
Your flesh is cold resistant. (rC+)
You are immune to negative energy. (rN+++)
You are immune to unholy pain and torment.
You can survive without breathing.


Message History

The bullfrog skeleton hits you.
* * * LOW HITPOINT WARNING * * *
The bullfrog skeleton misses you.
Unknown command.
You slash the bullfrog skeleton!
The bullfrog skeleton is severely damaged.
The bullfrog skeleton hits you.
* * * LOW HITPOINT WARNING * * *
The bullfrog skeleton misses you.
Unknown command.
You hit the bullfrog skeleton but do no damage.
The bullfrog skeleton is severely damaged.
The bullfrog skeleton closely misses you. x2
Unknown command.
You slash the bullfrog skeleton!
The bullfrog skeleton is almost destroyed.
The bullfrog skeleton hits you.
* * * LOW HITPOINT WARNING * * *
The bullfrog skeleton hits you!
You die...

###....
####.....#
.........##
..
..........#
#..
.......<).#
....
......##..##
....# ..Z..
##..# ##....#
....
#..###......#
... ##..#@..#
.. #..Z..## .
#.....###
........#
...#####.# .#
#.. #..# ##.#
..


You could see a bullfrog skeleton.

Vanquished Creatures
  A scorpion (D:3)
  An orc wizard (D:3)
  Ijyb (D:4)
  A worker ant (D:3)
  3 gnolls
  4 adders
  3 oozes
  2 worms
  2 leopard geckos
  4 orcs
  2 giant cockroaches (D:3)
  8 goblins
  6 hobgoblins
  4 jackals
  10 kobolds
  3 ball pythons
  10 bats
  6 frilled lizards
  2 rats
73 creatures vanquished.

Notes
Turn   | Place    | Note
-------+----------+-------------------------------------------
     0 | D:1      | Amplified the Mummy Ice Elementalist began the quest for
                  | the Orb.
     0 | D:1      | Reached XP level 1. HP: 13/13 MP: 4/4
    85 | D:1      | Reached skill level 3 in Spellcasting
   141 | D:1      | Reached skill level 1 in Fighting
   141 | D:1      | Reached XP level 2. HP: 8/21 MP: 1/6
   588 | D:1      | Learned a level 2 spell: Throw Frost
  1078 | D:2      | Reached XP level 3. HP: 18/27 MP: 4/8
  1541 | D:2      | Reached skill level 4 in Spellcasting
  2014 | D:3      | Reached XP level 4. HP: 28/34 MP: 10/10
  2025 | D:3      | Reached skill level 1 in Slings
  2694 | D:3      | Reached XP level 5. HP: 35/39 MP: 11/11
  2929 | D:3      | Reached skill level 1 in Axes
  3331 | D:4      | Noticed Ijyb
  3467 | D:4      | Killed Ijyb
  3467 | D:4      | Reached skill level 5 in Spellcasting
  3467 | D:4      | Reached XP level 6. HP: 46/47 MP: 13/13
  3520 | D:5      | Entered Level 5 of the Dungeon
  3555 | D:5      | HP: 2/47 [bullfrog skeleton (3)]
  3557 | D:5      | Mangled by a bullfrog skeleton

Levels and vault maps discovered:
D:1:      co_arrival_square_in_a_square_in_a_square, layout_basic,
          minmay_heptomino_l4
D:2:      layout_basic, first_ration
D:3:      layout_loops_corners, wander_ebering_terrifying_dragon_lair
D:4:      layout_cave_pools, uniq_sigmund, uniq_ijyb
D:5:      layout_layer_cave, tso_oasis_becter, kennysheep_generic_room_16

Skill      XL: |  1  2  3  4  5 |
---------------+----------------+-----
Spellcasting   | 3 4 5 |  5.0
Fighting       | 1 2 3 |  3.2
Slings         | 1 |  1.9
Axes           | 1 |  1.6
Dodging        | |  1.5
Stealth        | |  1.5
Conjurations   | |  0.7
Ice Magic      | |  2.4

Action                   |  1- 3 |  4- 6 || total
-------------------------+-------+-------++-------
Melee: Unarmed           |     4 |       ||     4
       Short sword       |    12 |       ||    12
       Hand axe          |       |    90 ||    90
 Fire: Hunting sling     |    84 |    11 ||    95
Throw: Dart              |       |     9 ||     9
 Cast: Freeze            |    30 |     2 ||    32
Evoke: Wand              |       |     1 ||     1
  Use: Scroll            |     6 |     5 ||    11
 Stab: Sleeping          |       |     3 ||     3
Armor: Robe              |    22 |    29 ||    51
Dodge: Dodged            |    56 |    66 ||   122
